 Dungeon Crawl Stone Soup version 0.23.1-37-gaa34b87 (console) character file.

Game seed: 9996948111959412154

3397 fly the Nimble (level 10, -2/56 HPs)
             Began as a Tengu Fighter on Mar 23, 2019.
             Was a Believer of Uskayaw.
             Slain by a vampire (10 damage)
             ... on level 9 of the Dungeon.
             The game lasted 00:11:34 (6108 turns).

fly the Nimble (Tengu Fighter)                      Turns: 6108, Time: 00:11:35

Health: -2/56      AC: 12    Str: 18    XL:     10   Next: 4%
Magic:  11/11      EV: 11    Int:  8    God:    Uskayaw [**....]
Gold:   414        SH: 10    Dex: 16    Spells: 9/9 levels left

rFire    . . .     SeeInvis .   a - +2 long sword (holy)
rCold    . . .     Gourm    .   v - +0 shield
rNeg     . . .     Faith    .   y - +0 chain mail
rPois    +         Spirit   .   (helmet restricted)
rElec    .         Reflect  .   q - scarf {repulsion}
rCorr    .         Harm     .   r - +1 pair of gloves
MR       .....                  (boots unavailable)
Stlth    ..........             (no amulet)
HPRegen  0.18/turn              l - ring of poison resistance
MPRegen  0.12/turn              (no ring)

@: repel missiles
A: beak, talons 3, able to fly
a: Fly, Stomp, Line Pass, Renounce Religion


You were on level 9 of the Dungeon.
You worshipped Uskayaw.
Uskayaw was noncommittal.
You were not hungry.

You visited 2 branches of the dungeon, and saw 8 of its levels.
You also visited: Sewer.

You collected 414 gold pieces.

Inventory:

Hand Weapons
 a - a +2 long sword of holy wrath (weapon)
 b - a +4 dagger of venom
 w - a +0 blowgun
Armour
 q - a scarf of repulsion (worn)
 r - a +1 pair of gloves (worn)
 v - a +0 shield (worn)
 y - a +0 chain mail (worn)
Jewellery
 l - a ring of poison resistance (left hand)
Wands
 z - a wand of scattershot (5)
Scrolls
 c - 4 scrolls of remove curse {unknown}
 e - a scroll of enchant weapon {unknown}
 g - 2 scrolls of magic mapping {unknown}
 i - 2 scrolls of immolation {unknown}
 m - a scroll of noise
 n - 3 scrolls of teleportation {unknown}
 p - 2 scrolls of fear
Potions
 d - 2 potions of might
 h - a potion of magic
 j - 2 potions of degeneration
 k - 2 potions of curing
 o - a potion of haste
 t - 2 potions of mutation {unknown}
 u - 2 potions of heal wounds
 x - a potion of cancellation
Comestibles
 f - 9 rations


   Skills:
 - Level 3.0 Fighting
 - Level 9.0 Long Blades
 - Level 6.6 Armour
 + Level 9.4 Dodging
 - Level 6.0 Shields


You had 9 spell levels left.
You didn't know any spells.
Your spell library contained the following spells:

 Spells                   Type           Power        Failure   Level  Hunger
 Confusing Touch          Hex            #.....       100%        1    ##.....


Dungeon Overview and Level Annotations

Branches:
Dungeon (6/15)             Temple (1/1) D:4

Altars:
Ashenzari
Cheibriados
Dithmenos
Elyvilon
Fedhas
Gozag
Hepliaklqana
Kikubaaqudgha
Makhleb
Nemelex Xobeh
Okawaru
Qazlal
Sif Muna
Trog
Uskayaw
Vehumet
Xom
Yredelemnul
Zin
The Shining One

Annotations:
D:4 1 runed translucent door, bmj180's ghost, amateur HOFi


Innate Abilities, Weirdness & Mutations

You have a beak for a mouth.
You have claws for feet.
You can fly continuously.


Message History

Something hits you but does no damage. Something bites you!
Something draws strength from your injuries!
Something hits you! Something bites you but does no damage.
You see here a hound corpse.
You're too confused to move!
Something hits you.
* * * LOW HITPOINT WARNING * * *
Something bites you but does no damage.
You closely miss something. Your kick misses something.
You feel less confused.
You hear some strange, mumbled words.
Something tries to affect you, but you resist.
You feel much better. Something hits you. Something bites you!
Something draws strength from your injuries!
You barely miss something. You claw something. You peck something.
Something hits you but does no damage. Something bites you!
Something draws strength from your injuries!
You hit something. You peck something. Something hits you!
* * * LOW HITPOINT WARNING * * *
Something bites you!
You die...

#.# # #.# ##
######.##########.
#.............##.#
#.####.######.#.##
#.# #.# #.<...
##.####.# ###.##
#....(..# ##.#
#.@###### ##. #.{#
## ...))....# #
######..... #
#...### #?...
...(.. .#.....
....##.


There were no monsters in sight!

Vanquished Creatures
  Pikel (D:4)
  6 yaks (D:9)
  A water moccasin (D:3)
  An ice beast (D:5)
  Purgy (Sewer)
  A sky beast (D:9)
  An ogre (D:6)
  4 centaurs
  A phantom (D:4)
  2 bullfrogs
  A wyvern skeleton (D:6)
  2 scorpions
  3 killer bees (D:6)
  3 hounds
  4 orc priests
  5 orc wizards
  An iguana (D:5)
  2 worker ants (D:9)
  A hound zombie (D:6)
  A hound skeleton (D:9)
  Robin (D:4)
  4 gnolls
  6 adders
  3 shadow imps
  3 oozes (D:2)
  An adder skeleton (D:6)
  3 worms
  4 dart slugs
  5 leopard geckos
  26 orcs
  4 ball pythons
  6 giant cockroaches
  18 goblins
  12 hobgoblins
  6 bats
  6 frilled lizards
  A jackal zombie (D:6)
  11 kobolds
  9 rats
171 creatures vanquished.

Vanquished Creatures (others)
  An ogre (D:4)
  A howler monkey (D:5)
  2 withered plants (D:4)
4 creatures vanquished.

Grand Total: 175 creatures vanquished

Notes
Turn   | Place    | Note
-------+----------+-------------------------------------------
     0 | D:1      | fly the Tengu Fighter began the quest for the Orb.
     0 | D:1      | Reached XP level 1. HP: 14/14 MP: 2/2
    75 | D:1      | Reached XP level 2. HP: 19/19 MP: 3/3
   173 | D:1      | Reached XP level 3. HP: 18/23 MP: 4/4
   683 | D:2      | Reached XP level 4. HP: 28/28 MP: 5/5
   711 | D:2      | Found a faded altar of an unknown god.
   968 | D:2      | Reached skill level 5 in Long Blades
  1159 | D:2      | Found an opulent altar of Gozag.
  1430 | D:2      | Gained mutation: You can fly continuously. [Tengu growth]
  1430 | D:2      | Reached XP level 5. HP: 18/32 MP: 6/6
  1502 | D:3      | Noticed a water moccasin
  1515 | D:3      | Killed a water moccasin
  1515 | D:3      | Reached XP level 6. HP: 12/37 MP: 7/7
  2117 | D:3      | Found a deep blue altar of Sif Muna.
  2144 | D:3      | Identified Sif Muna's Grimoire of Execration
  2742 | D:4      | Found a staircase to the Ecumenical Temple.
  2749 | Temple   | Entered the Ecumenical Temple
  2943 | Temple   | Became a worshipper of Uskayaw the Reveler
  2977 | D:3      | Reached * piety under Uskayaw
  2979 | D:3      | Reached XP level 7. HP: 21/41 MP: 8/8
  3211 | D:4      | Noticed Robin
  3217 | D:4      | Reached ** piety under Uskayaw
  3224 | D:4      | Reached *** piety under Uskayaw
  3226 | D:4      | Killed Robin
  3229 | D:4      | Reached **** piety under Uskayaw
  3517 | D:4      | Found a runed translucent door.
  3517 | D:4      | Noticed bmj180's ghost (amateur HOFi)
  3709 | D:4      | Noticed Pikel
  3754 | D:4      | HP: 1/41 [slave[Pikel] (4)]
  3755 | D:4      | Killed Pikel
  3755 | D:4      | Reached XP level 8. HP: 2/46 MP: 9/9
  4167 | D:5      | Entered Level 5 of the Dungeon
  4178 | D:5      | Found an iron altar of Okawaru.
  4302 | D:5      | Found an ancient bone altar of Kikubaaqudgha.
  4336 | D:5      | Reached skill level 5 in Armour
  4637 | D:5      | Found a glowing drain.
  4648 | Sewer    | Entered a sewer
  4756 | Sewer    | Noticed Purgy
  4764 | Sewer    | Killed Purgy
  4874 | D:5      | Reached skill level 5 in Shields
  5188 | D:6      | Reached XP level 9. HP: 27/50 MP: 10/10
  5191 | D:6      | Reached ***** piety under Uskayaw
  5198 | D:6      | Reached skill level 5 in Dodging
  5770 | D:6      | Found a glowing golden altar of the Shining One.
  5826 | D:6      | You fall through a shaft for 3 floors!
  6012 | D:9      | Reached XP level 10. HP: 56/56 MP: 11/11
  6108 | D:9      | Slain by a vampire

Skill      XL: |  1  2  3  4  5  6  7  8  9 |
---------------+----------------------------+-----
Long Blades    | 3 4 5 6 8 9 |  9.0
Armour         | 4 5 6 |  6.6
Dodging        | 3 4 9 |  9.4
Shields        | 4 5 6 |  6.0
Fighting       | |  3.0

Action                   |  1- 3 |  4- 6 |  7- 9 | 10-12 || total
-------------------------+-------+-------+-------+-------++-------
Melee: Long sword        |    67 |   155 |   225 |    17 ||   464
       Peck              |    13 |    34 |    58 |     4 ||   109
       Kick              |    15 |    43 |    88 |     7 ||   153
       Dagger            |       |       |     7 |       ||     7
 Abil: Fly               |       |     1 |       |       ||     1
       Stop Flying       |       |     1 |       |       ||     1
  Use: Scroll            |       |       |     6 |       ||     6
       Potion            |       |       |       |     1 ||     1
 Stab: Distracted        |       |     1 |       |       ||     1
       Paralysed         |       |       |     7 |     1 ||     8
  Eat: Chunk             |       |     6 |    11 |       ||    17
Armor: Scale mail        |    40 |    18 |       |       ||    58
       Chain mail        |       |    56 |   122 |    11 ||   189
Dodge: Dodged            |    24 |    26 |    66 |     4 ||   120
       Deflected         |       |       |     1 |       ||     1
Block: Shield            |    40 |    69 |   112 |     6 ||   227
       Rpst.: Long sword |     5 |    10 |    19 |       ||    34
